 Dungeon Crawl Stone Soup version 0.30-a0-377-g5cb311bc9f (webtiles) character file.

Game seed: 9050821086082322763

87 PimpSugar the Magician (level 4, 0/32 HPs)
             Began as a Demonspawn Hedge Wizard on Nov 30, 2022.
             Succumbed to Crazy Yiuf's poison
             ... on level 3 of the Dungeon.
             The game lasted 00:10:13 (2748 turns).

PimpSugar the Magician (Demonspawn Hedge Wizard)    Turns: 2748, Time: 00:10:14

Health: 0/32       AC:  6    Str: 10    XL:     4   Next: 28%
Magic:  1/9        EV: 12    Int: 19    God:
Gold:   104        SH:  0    Dex: 13    Spells: 6/10 levels left

rFire   . . .      SeeInvis .    o - +0 sling
rCold   . . .      Faith    .    (no shield)
rNeg    . . .      Spirit   .    b - +0 robe
rPois   .          Reflect  .    c - +0 hat
rElec   .          Harm     .    k - +1 cloak
rCorr   .          Rampage  .    (no gloves)
Will    .....                    f - +1 pair of boots
Stlth   ++........               l - amulet of regeneration
HPRegen 1.05/turn                (no ring)
MPRegen 0.11/turn                (no ring)

@: lethally poisoned (0 -> -4), flying, hasted, very quick
A: big brain 1, weakness stinger 1
a: no special abilities


You were on level 3 of the Dungeon.
You visited 1 branch of the dungeon, and saw 3 of its levels.

You collected 104 gold pieces.

Inventory:

Hand Weapons
 a - a +0 dagger
 e - a +0 quarterstaff
 o - a +0 sling (weapon)
Missiles
 m - 6 stones
 n - 3 boomerangs (quivered)
Armour
 b - a +0 robe (worn)
 c - a +0 hat (worn)
 f - a +1 pair of boots (worn)
 k - a +1 cloak (worn)
Jewellery
 l - an amulet of regeneration (around neck)
Scrolls
 g - a scroll of enchant weapon
 h - 3 scrolls of amnesia
 i - 4 scrolls of identify
 j - a scroll of teleportation
 q - a scroll of fog {unknown}


   Skills:
 + Level 1.2 Fighting
 + Level 2.1 Dodging
 - Level 1.7 Stealth
 * Level 3.6 Spellcasting
 + Level 1.7 Conjurations
 + Level 1.6 Summonings
 + Level 1.5 Translocations


You had 6 spell levels left.
You knew the following spells:

 Your Spells              Type           Power      Damage    Failure   Level
a - Magic Dart            Conj           40%        1d5       7%          1
b - Call Imp              Summ           9%         N/A       11%         2
c - Slow                  Hex            12%        N/A       14%         1

Your spell library contained the following spells:

 Spells                   Type           Power      Damage    Failure   Level
 Blink                    Tloc           18%        N/A       11%         2
 Beastly Appendage        Tmut           6%         N/A       14%         1
 Cigotuvi's Dreadful Rot  Necr/Pois/Air  6%         N/A       22%         2
 Wereblood                Tmut           3%         N/A       22%         2
 Hailstorm                Conj/Ice       6%         3d4       30%         3
 Mephitic Cloud           Conj/Pois/Air  5%         N/A       32%         3
 Spider Form              Tmut/Pois      3%         N/A       41%         3
 Ice Form                 Ice/Tmut       3%         N/A       82%         4
 Simulacrum               Ice/Necr       1%         N/A       100%        6


Dungeon Overview and Level Annotations

Branches:
Dungeon (3/15)

Altars:

Shops:
D:3 !


Innate Abilities, Weirdness & Mutations

You have an unusually large brain. (Int +2)
You have a small tail.


Message History

Aim: Crazy Yiuf, wielding a +4 quarterstaff of chaos and wearing a +0 cloak (almost dead, 60% to hit)
You throw a boomerang.
The boomerang closely misses Crazy Yiuf.
You feel sick.
You feel better. Crazy Yiuf barely misses you.
Throw: 3 boomerangs
Press: ? - help, Q - select action, (/) - cycle Shift-Dir - straight line, f/p - Crazy Yiuf
Aim: Crazy Yiuf, wielding a +4 quarterstaff of chaos and wearing a +0 cloak (almost dead, 60% to hit)
You throw a boomerang. The boomerang barely misses Crazy Yiuf.
Crazy Yiuf hits you with a +4 quarterstaff of chaos!
Ouch! That really hurt!
You are lethally poisoned!
Throw: 3 boomerangs
Press: ? - help, Q - select action, (/) - cycle Shift-Dir - straight line, f/p - Crazy Yiuf
Aim: Crazy Yiuf, wielding a +4 quarterstaff of chaos and wearing a +0 cloak (almost dead, 60% to hit)
You throw a boomerang. The boomerang barely misses Crazy Yiuf.
* * * LOW HITPOINT WARNING * * *
You feel very sick.
Crazy Yiuf says, "Gnoll unthinkable snail!"
Crazy Yiuf completely misses you.
It was a potion of flight.
You feel very buoyant.
You fly up into the air.
* * * LOW HITPOINT WARNING * * *
You feel very sick.
Throw: 3 boomerangs
Press: ? - help, Q - select action, (/) - cycle Shift-Dir - straight line, f/p - Crazy Yiuf
Aim: Crazy Yiuf, wielding a +4 quarterstaff of chaos and wearing a +0 cloak (almost dead, 60% to hit)
You throw a boomerang. The boomerang hits Crazy Yiuf.
Crazy Yiuf is almost dead.
* * * LOW HITPOINT WARNING * * *
You feel sick. Crazy Yiuf barely misses you.
You shoot a sling bullet. The sling bullet hits Crazy Yiuf.
You kill Crazy Yiuf!
* * * LOW HITPOINT WARNING * * *
You feel very sick.
Your life force feels restored.
You have reached level 4!
You feel agile.
There is a lethal amount of poison in your body!
You die...

♣♣♣♣♣## ##
♣♣♣.♣...### ...
...#♣g.♣......###
#.#
...'.♣♣♣♣.......#
#> )..#♣♣
♣♣..#.#.# #. ##
♣♣####.## ####.#
#.@######.#
#.....
##.........
...... #.########
#..... #.# ......
#.# #..... # #.#
#..... #.### #.#
#..... ....####.#
###### .........#


There were no monsters in sight!

Vanquished Creatures
  Crazy Yiuf (D:3)
  8 ball pythons
  6 endoplasms
  2 giant cockroaches
  5 goblins
  A hobgoblin (D:1)
  6 jackals (D:1)
  3 bats
  2 frilled lizards
  4 kobolds
  A rat (D:1)
39 creatures vanquished.

Vanquished Creatures (collateral kills)
  An adder (D:2)
  A hobgoblin (D:2)
  4 jackals (D:1)
6 creatures vanquished.

Grand Total: 45 creatures vanquished

Notes
Turn   | Place    | Note
-------+----------+-------------------------------------------
     0 | D:1      | PimpSugar the Demonspawn Hedge Wizard began the quest for
                  | the Orb.
     0 | D:1      | Reached XP level 1. HP: 13/13 MP: 4/4
    17 | D:1      | Reached skill level 1 in Translocations
   201 | D:1      | Gained mutation: You have an unusually large brain. (Int
                  | +2) [demonic ancestry]
   201 | D:1      | Reached XP level 2. HP: 20/20 MP: 1/6
   336 | D:1      | Learned a level 2 spell: Call Imp
   999 | D:1      | Gained mutation: You have a small tail. [demonic ancestry]
   999 | D:1      | Reached XP level 3. HP: 25/25 MP: 1/7
  1131 | D:1      | Reached skill level 1 in Fighting
  2585 | D:3      | Found Rassasun's Distillery.
  2700 | D:3      | Found a runed translucent door.
  2701 | D:3      | Noticed Crazy Yiuf
  2706 | D:3      | Learned a level 1 spell: Slow
  2747 | D:3      | Killed Crazy Yiuf
  2747 | D:3      | HP: 1/25 [poisoned by Crazy Yiuf]
  2748 | D:3      | Reached XP level 4. HP: 1/32 MP: 1/9
  2748 | D:3      | Succumbed to Crazy Yiuf's poison

Illustrated notes

Levels and vault maps discovered:
D:1:      dpeg_arrival_arbitrary_c, layout_basic
D:2:      layout_basic
D:3:      layout_loops_ring, mainiacjoe_overflow_paths,
          mainiacjoe_overflow_small_starburst, serial_shops, shop,
          uniq_crazy_yiuf_cottage, uniq_natasha

Skill      XL: |  1  2  3 |
---------------+----------+-----
Translocations | 1 |  1.5
Fighting       | 1 |  1.2
Dodging        | 2 |  2.1
Stealth        | |  1.7
Spellcasting   | |  3.6
Conjurations   | |  1.7
Summonings     | |  1.6

Action                   |  1- 3 |  4- 6 || total
-------------------------+-------+-------++-------
Melee: Dagger            |    66 |       ||    66
       Punch             |     1 |       ||     1
       Tailslap          |     2 |       ||     2
 Fire: Sling             |    19 |       ||    19
Throw: Boomerang         |     9 |       ||     9
 Cast: Magic Dart        |    66 |       ||    66
       Call Imp          |     8 |       ||     8
  Use: Potion            |     4 |       ||     4
       Scroll            |     4 |       ||     4
Armor: Robe              |    31 |       ||    31
Dodge: Dodged            |    88 |       ||    88

Table legend: (Time is in decaauts)
 A = Elapsed time spent in this place.
 B = Non-inter-level travel time spent in this place.
 C = Inter-level travel time spent in this place.
 D = Time resting spent in this place.
 E = Time spent auto-exploring this place.
 F = Levels seen in this place.
 G = Mean time per level.
                   A        B        C        D        E       F      G
               +--------+--------+--------+--------+--------+-----+--------+
         Total |   2747 |   2511 |    236 |    176 |   1891 |   3 |  915.7 |
       Dungeon |   2747 |   2511 |    236 |    176 |   1891 |   3 |  915.7 |
               +--------+--------+--------+--------+--------+-----+--------+

Top non-repeatable levels by time:
     D:1: 1474 daAuts
     D:2: 1024 daAuts
     D:3: 249 daAuts
